 Dungeon Crawl Stone Soup version 0.32-a0-391-gce5c0aab1b (webtiles) character file.

Game seed: 7925057086836376279

172 shadowstone the Ruffian (level 5, 0/33 HPs)
             Began as an Octopode Shapeshifter on Feb 19, 2024.
             Was an Initiate of Yredelemnul.
             Slain by a phantom (7 damage)
             ... on level 4 of the Dungeon.
             The game lasted 00:07:07 (1758 turns).

shadowstone the Ruffian (Octopode Shapeshifter)     Turns: 1758, Time: 00:07:08

Health: 0/33       AC:  1    Str: 15    XL:     5   Next: 52%
Magic:  5/5        EV: 13    Int: 12    God:    Yredelemnul [......]
Gold:   194        SH:  0    Dex: 12    Spells: 4/4 levels left

rFire   . . .        k - +2 hand axe (flame)
rCold   . . .        (no shield)
rNeg    . . .        (helmet currently unavailable)
rPois   .            (no amulet)
rElec   .            (no ring)
rCorr   .            (no ring)
SInv    .            (no ring)
Will    .....        (no ring)
Stlth   +++          (no ring)
HPRegen 0.25/turn    (no ring)
MPRegen 0.09/turn    (no ring)
                     (no ring)

%: no passive effects
@: lethally poisoned (0 -> -1), beast-form, wreathed by umbra
A: beast (slay +2), almost no armour, amphibious, 8 rings, camouflage 1,
gelatinous body 1, (nimble swimmer 1), tentacles
a: Begin Untransformation, Renounce Religion, Light the Black Torch, Recall
Undead Harvest


You were on level 4 of the Dungeon.
You worshipped Yredelemnul.
Yredelemnul was noncommittal.
You were a hulking beast.
You visited 1 branch of the dungeon, and saw 4 of its levels.

You collected 194 gold pieces.

Inventory:

Hand Weapons
 k - a +2 hand axe of flaming (weapon)
Armour
 j - the +0 cloak "Peranlec" {rC- rN+++ Will++ Regen+}
   (You found it on level 3 of the Dungeon)

   rC-:       It makes you vulnerable to cold.
   rN+++:     It renders you almost immune to negative energy.
   Will++:    It greatly increases your willpower.
   Regen+:    It increases your rate of health regeneration.
Talismans
 b - a beast talisman (active)
 c - a flux talisman
Wands
 o - a wand of flame (22)
Scrolls
 e - a scroll of vulnerability {unknown}
 g - 5 scrolls of teleportation {unknown}
 h - a scroll of revelation {unknown}
 i - a scroll of fog {unknown}
 m - a scroll of identify {unknown}
Potions
 a - a potion of lignification
 d - a potion of curing {unknown}
 f - a potion of haste {unknown}
 l - a potion of degeneration {unknown}
 n - a potion of attraction {unknown}


   Skills:
 + Level 1.1 Fighting
 + Level 0.2 Axes
 + Level 3.0 Dodging
 + Level 2.2 Stealth
 + Level 4.3 Unarmed Combat
 + Level 3.9 Shapeshifting


You had 4 spell levels left.
You didn't know any spells.
Your spell library contained the following spells:

 Spells                   Type           Power      Damage    Failure   Level
 Haunt                    Necr/Summ      0%         N/A       100%        7
 Borgnjor's Revivificati  Necr           0%         N/A       100%        8
 Death's Door             Necr           0%         N/A       100%        9


Dungeon Overview and Level Annotations

Branches:
Dungeon (4/15)
 Temple: D:4-7

Altars:
Yredelemnul

Shops:
D:1 [


Innate Abilities, Weirdness & Mutations

You are a hulking beast.
Your limbs bulge with bestial killing power. (Slay +2)
You cannot wear most types of armour.
You are amphibious.
You can wear up to eight rings at the same time.
Your skin changes colour to match your surroundings (Stealth+).
Your rubbery body absorbs attacks. (AC +1, EV +1)
((You are camouflaged when in or above water. (Stealth+)))
You have tentacles for arms and can constrict up to eight enemies at once.


Message History

You are poisoned.
The orc hits your scorpion zombie but does no damage.
The orc hits your scorpion zombie with a +0 dagger.
You swap places.
You feel sick.
Your scorpion zombie hits the orc.
The orc closely misses you. x2
Things that are here:
a +0 falchion; a +0 ring mail; a +0 dagger You barely miss the orc.
You grab the orc. You hit the orc. You burn the orc.
You hit the phantom but do no damage. You constrict the orc.
You feel sick.
Your scorpion zombie hits the phantom.
The orc hits you with a +0 short sword. The orc completely misses you.
You slash the orc! You burn the orc.
You kill the orc!
With your torch unlit, their soul goes wasted...
You barely miss the orc. You closely miss the phantom.
You feel sick.
Your scorpion zombie closely misses the phantom.
The phantom barely misses you. The orc hits you with a +0 dagger.
Your scorpion zombie closely misses the phantom.
Your Dodging skill increases to level 3!
You hit the phantom but do no damage. You squeeze the phantom!
The phantom is heavily damaged.
You hit the orc. You burn the orc.
You kill the orc!
With your torch unlit, their soul goes wasted...
You barely miss the orc.
The dead are walking!
You feel sick.
The phantom hits you but does no damage.
The orc misses you.
Your scorpion zombie barely misses the phantom.
The orc misses you. The phantom hits you.
* * * LOW HITPOINT WARNING * * *
You hit the phantom but do no damage.
The phantom is heavily damaged.
You hit the orc. You burn the orc.
You kill the orc!
With your torch unlit, their soul goes wasted...
You feel sick.
Your scorpion zombie closely misses the phantom.
The phantom hits you!
You die...
Your body rises from the dead as a mindless zombie.

##...<..[..###
##.......##
###...###
##..# # #.##
#.# ##.# ##...
##.##
#.....##Z.#
#.....)hZ.#
#.....)W#Z.#
#.....Z##..#
......# #..#
...... ##.#
#..... .#
#.... .. #....
..


You could see a phantom (ally target), a friendly adder zombie, a friendly
scorpion zombie and 2 friendly orc zombies.

Vanquished Creatures
  A scorpion (D:4)
  An orc wizard (D:4)
  An adder (D:4)
  A dart slug (D:1)
  2 ribbon worms (D:2)
  4 orcs (D:4)
  2 ball pythons (D:2)
  2 endoplasms
  2 goblins (D:2)
  A hobgoblin (D:2)
  2 quokkas (D:2)
  3 bats
  A frilled lizard (D:3)
  3 kobolds
  5 rats
31 creatures vanquished.

Vanquished Creatures (collateral kills)
  An adder (D:2)
  A dart slug (D:3)
  2 orcs (D:4)
  An endoplasm (D:3)
  2 rats (D:3)
7 creatures vanquished.

Grand Total: 38 creatures vanquished

Notes
Turn   | Place    | Note
-------+----------+-------------------------------------------
     0 | D:1      | shadowstone the Octopode Shapeshifter began the quest for
                  | the Orb.
     0 | D:1      | Reached XP level 1. HP: 13/13 MP: 1/1
   304 | D:1      | Found Reojem's Antique Armour Shoppe.
   324 | D:1      | Reached XP level 2. HP: 12/18 MP: 2/2
   414 | D:2      | Found a faded altar of an unknown god.
   439 | D:2      | Prayed at the altar of an unknown god.
   439 | D:2      | Became a worshipper of Yredelemnul the Fallen
   439 | D:2      | Reached * piety under Yredelemnul
   489 | D:2      | Reached XP level 3. HP: 18/23 MP: 3/3
   975 | D:3      | Reached XP level 4. HP: 28/28 MP: 4/4
  1004 | D:3      | Identified the +0 cloak "Peranlec" {rC- rN+++ Will++
                  | Regen+}
  1627 | D:4      | Noticed a scorpion
  1633 | D:4      | Killed a scorpion
  1634 | D:4      | Reached skill level 1 in Stealth
  1634 | D:4      | Reached skill level 4 in Unarmed Combat
  1634 | D:4      | Reached XP level 5. HP: 27/33 MP: 5/5
  1745 | D:4      | Noticed a phantom
  1758 | D:4      | Slain by a phantom

Illustrated notes

Levels and vault maps discovered:
D:1:      saegor_arrival_simple_c, layout_loops_ring, serial_shops, shop, shop,
          shop, nicolae_diamond_shop, nicolae_nh_oracle_at_delphi
D:2:      layout_loops_ring, shapermc_ecumenical_altar_venn
D:3:      layout_loops_ring
D:4:      layout_cave_pods, gup_sewer_entry_pipe, serial_shops, shop

Skill      XL: |  1  2  3  4  5 |
---------------+----------------+-----
Stealth        | 1 2 |  2.2
Unarmed Combat | 4 |  4.3
Dodging        | 3 |  3.0
Fighting       | |  1.1
Axes           | |  0.2
Shapeshifting  | |  3.9

Action                     |  1- 3 |  4- 6 || total
---------------------------+-------+-------++-------
  Melee: Unarmed           |    48 |       ||    48
         Constrict         |    12 |     7 ||    19
         Tentacles         |    12 |     4 ||    16
         Hand axe          |       |    17 ||    17
  Throw: Throwing net      |     1 |       ||     1
   Stab: Sleeping          |     1 |     2 ||     3
         Distracted        |     1 |       ||     1
 Armour: Skin              |    16 |    14 ||    30
  Dodge: Dodged            |    42 |    12 ||    54

Table legend: (Time is in decaauts)
 A = Elapsed time spent in this place.
 B = Non-inter-level travel time spent in this place.
 C = Inter-level travel time spent in this place.
 D = Time resting spent in this place.
 E = Time spent auto-exploring this place.
 F = Levels seen in this place.
 G = Mean time per level.
                   A        B        C        D        E       F      G
               +--------+--------+--------+--------+--------+-----+--------+
         Total |   1758 |   1672 |     86 |     54 |    885 |   4 |  439.5 |
       Dungeon |   1758 |   1672 |     86 |     54 |    885 |   4 |  439.5 |
               +--------+--------+--------+--------+--------+-----+--------+

Top non-repeatable levels by time:
     D:3: 756 daAuts
     D:2: 488 daAuts
     D:1: 378 daAuts
     D:4: 134 daAuts
